 Dungeon Crawl Stone Soup version 0.30-a0-576-g89cddaab80 (webtiles) character file.

Game seed: 12929480432678908455

26159 ryw the Cleaver (level 13, -23/118 HPs)
             Began as a Hill Orc Reaver on Dec 30, 2022.
             Was an Elder of Vehumet.
             Annihilated by a minotaur
             ... wielding a +0 broad axe of freezing
              (38 damage)
             ... in a Gauntlet.
             The game lasted 00:41:25 (18391 turns).

ryw the Cleaver (Hill Orc Reaver)                  Turns: 18391, Time: 00:41:26

Health: -23/118    AC: 15    Str: 22    XL:     13   Next: 24%
Magic:  0/23       EV: 11    Int: 21    God:    Vehumet [****..]
Gold:   2371       SH:  0    Dex:  4    Spells: 14/25 levels left

rFire   + + +      SeeInvis .    k - +3 battleaxe (freeze)
rCold   . . .      Faith    .    (shield currently unavailable)
rNeg    . . .      Spirit   +    I - +0 acid dragon scales
rPois   .          Reflect  .    V - +0 hat of Failure {rElec rF+++ Dex-5 Slay+5}
rElec   +          Harm     .    h - +1 cloak
rCorr   +          Rampage  .    X - +0 pair of gloves "Aniff" {Contam Regen+ Str+4}
Will    .....      NoTele   +    c - +2 pair of boots Stlth
                                 e - amulet of guardian spirit
HPRegen 1.19/turn                F - +6 ring of intelligence
MPRegen 0.18/turn                (no ring)

@: mighty, swift (expiring), quick
A: no striking features
a: Renounce Religion


You were in a Gauntlet.
You worshipped Vehumet.
Vehumet was greatly pleased with you.
You visited 2 branches of the dungeon, and saw 14 of its levels.
You also visited: Ossuary and Gauntlet.

You collected 2371 gold pieces.

Inventory:

Hand Weapons
 a - a +0 hand axe
 k - a +3 battleaxe of freezing (weapon)
 K - a +0 heavy war axe
 O - a +0 broad axe
Missiles
 g - 8 throwing nets
 P - 4 curare-tipped darts
Armour
 c - a +2 pair of boots (worn)
 h - a +1 cloak (worn)
 o - a +0 troll leather armour
 q - the +1 hat of the Candlemaker {rF+ Will+}
   (You found it on level 4 of the Dungeon)

   rF:        It protects you from fire.
   Will:      It increases your willpower.
 B - a +1 pair of gloves
 D - a +0 buckler
 I - +0 acid dragon scales (worn)
 V - the +0 hat of Failure (worn) {rElec rF+++ Dex-5 Slay+5}
   (You found it in a Gauntlet)

   Dex:       It affects your dexterity (-5).
   Slay:      It affects your accuracy & damage with ranged weapons and melee
   (+5).
   rF:        It renders you almost immune to fire.
   rElec:     It insulates you from electricity.
 X - the +0 pair of gloves "Aniff" (worn) {Contam Regen+ Str+4}
   (You found it in a Gauntlet)

   Str:       It affects your strength (+4).
   Contam:    It causes magical contamination when unequipped.
   Regen:     It increases your rate of health regeneration.
Magical Staves
 l - a staff of conjuration
Jewellery
 e - an amulet of guardian spirit (around neck)
 i - a ring of flight
 y - a ring of poison resistance
 F - a +6 ring of intelligence (left hand)
 J - a ring of positive energy
 N - a +6 ring of intelligence
 Q - a ring of ice
 S - a ring of fire
Wands
 s - a wand of polymorph (5)
 v - a wand of charming (7) (quivered)
 E - a wand of roots (19)
 T - a wand of flame (8)
 W - a wand of quicksilver (4)
Scrolls
 b - 9 scrolls of teleportation
 f - 4 scrolls of amnesia
 j - 5 scrolls of fog
 m - a scroll of immolation
 t - a scroll of enchant weapon {unknown}
 A - 4 scrolls of identify
 G - a scroll of enchant armour
 H - 2 scrolls of fear
 L - a scroll of butterflies
 U - a scroll of magic mapping
Potions
 d - 5 potions of flight
 n - a potion of heal wounds
 p - 2 potions of lignification
 r - 2 potions of invisibility
 u - 5 potions of resistance
 w - 6 potions of curing
 x - 4 potions of brilliance
 z - a potion of cancellation
 C - a potion of mutation
 M - a potion of haste {unknown}


   Skills:
 + Level 12.2 Fighting
 + Level 13.5 Axes
 - Level 9.0 Armour
 - Level 5.0 Dodging
 - Level 1.6 Shields
 + Level 6.8 Spellcasting
 * Level 11.9 Conjurations
 + Level 1.1 Translocations
 + Level 1.1 Air Magic


You had 14 spell levels left.
You knew the following spells:

 Your Spells              Type           Power      Damage    Failure   Level
a - Kiss of Death         Conj/Necr      100%       2d13      1%          1
b - Momentum Strike       Conj/Tloc      68%        3d9       1%          2
c - Hailstorm             Conj/Ice       32%        3d8       1%          3
d - Blink                 Tloc           22%        N/A       11%         2
e - Swiftness             Air            12%        N/A       21%         3

Your spell library contained the following spells:

 Spells                   Type           Power      Damage    Failure   Level
 Olgreb's Toxic Radiance  Pois           7%         N/A       28%         4
 Shock                    Conj/Air       100%       1d9       1%          1
 Summon Small Mammal      Summ           28%        N/A       11%         1
 Cigotuvi's Dreadful Rot  Necr/Pois/Air  16%        N/A       14%         2
 Airstrike                Air            6%         2d(1-17)  17%         4
 Lesser Beckoning         Tloc           22%        N/A       21%         3
 Call Canine Familiar     Summ           7%         N/A       32%         3
 Summon Guardian Golem    Hex/Summ       7%         N/A       32%         3
 Dispel Undead            Necr           7%         3d8       73%         4
 Death Channel            Necr           3%         N/A       100%        6
 Borgnjor's Revivificati  Necr           3%         N/A       100%        8
 Necromutation            Tmut/Necr      3%         N/A       100%        8
 Death's Door             Necr           3%         N/A       100%        9


Dungeon Overview and Level Annotations

Branches:
Dungeon (13/15)            Temple (1/1) D:5            Lair (0/5) D:8
    Orc (0/2) D:12        Ossuary (visited)         Gauntlet (1/1)
 Vaults: D:13-14

Altars:
Ashenzari
Cheibriados
Dithmenos
Elyvilon
Fedhas
Gozag
Hepliaklqana
Kikubaaqudgha
Makhleb
Nemelex Xobeh
Okawaru
Qazlal
Ru
Sif Muna
Trog
Uskayaw
Vehumet
Wu Jian
Xom
Yredelemnul
Zin
The Shining One
Beogh

Shops:
D:4 *   D:9 *

Annotations:
Gauntlet 8 transporters


Message History

The minotaur hits you with a +0 broad axe of freezing!!
The minotaur freezes you. The minotaur closely misses you.
You slash the minotaur! You freeze the minotaur.
The minotaur is moderately wounded.
The minotaur hits you with a +0 broad axe of freezing!!
The minotaur freezes you!
The minotaur gores you but does no damage.
You feel much better.
The minotaur hits you with a +0 broad axe of freezing!
The minotaur freezes you. The minotaur gores you.
You feel very mighty all of a sudden.
The minotaur hits you with a +0 broad axe of freezing!!
* * * LOW HITPOINT WARNING * * *
The minotaur freezes you.
* * * LOW HITPOINT WARNING * * *
The minotaur gores you but does no damage.
You closely miss the minotaur.
The minotaur is moderately wounded.
You start to feel a little slower.
The minotaur hits you with a +0 broad axe of freezing!
* * * LOW HITPOINT WARNING * * *
The minotaur freezes you.
* * * LOW HITPOINT WARNING * * *
The minotaur gores you.
* * * LOW HITPOINT WARNING * * *
You feel much better. The minotaur barely misses you.
The minotaur gores you but does no damage.
Okay, then.
Okay, then.
Okay, then.
Unknown command.
You slash the minotaur! You freeze the minotaur.
The minotaur is heavily wounded.
The minotaur hits you with a +0 broad axe of freezing!!
* * * LOW HITPOINT WARNING * * *
The minotaur freezes you.
* * * LOW HITPOINT WARNING * * *
The minotaur barely misses you.
The minotaur hits you with a +0 broad axe of freezing!!!
You die...

##.^§≈§^§§§#..#####
.#....≈≈^≈.#..#§8≈#
©#.≈≈.^§§.©#..#§§.#
.#≈.≈^≈§§.)#..#.8.#
##≈..≈.§§.≈#..#...#
.#.≈§..≈≈≈.#..#.8.#
.#...§§§...#..#...#
.###########..#...#
.............≈#.@.#.
≈............∩#.H.......
.............≈#.©.###.#⌠
.###########..#...#
.###...5##5#..#...#
.#3#.###5#.#..#.8.#
.#..###.##.#..#...#
.###....##)#..#.8.#
.###.##..3©#..#...#


You could see a minotaur and a shadow imp.

Vanquished Creatures
  Erolcha (D:9)
  Harold (D:9)
  A ghost crab (Gauntlet)
  3 boulder beetles
  2 two-headed ogres
  Sonja (D:11)
  3 cyclopes
  4 ugly things
  2 manticores
  Maurice (D:10)
  Joseph (D:10)
  An unseen horror (D:11)
  An efreet (Gauntlet)
  An unseen horror zombie (D:8)
  A komodo dragon (D:11)
  Psyche (D:10)
  8 trolls
  2 hornets
  6 slime creatures (D:11)
  Sigmund (D:2)
  2 wraiths
  A water elemental (D:12)
  A vampire (D:9)
  Grum (D:8)
  4 wyverns
  11 yaks
  A fire elemental (Gauntlet)
  Eustachio (D:6)
  3 vampire mosquitoes (D:12)
  3 acid dragons
  Duvessa (D:6)
  2 hell hounds (Gauntlet)
  4 orc warriors
  A hornet zombie (D:8)
  2 ogres
  A black bear (D:6)
  An ice beast (D:6)
  4 wolves (D:7)
  10 centaurs
  5 phantoms
  7 kobold brigands
  5 bullfrogs
  A necrophage (D:7)
  A gnoll sergeant (D:9)
  3 wyvern zombies (D:8)
  7 scorpions
  9 wights
  Dowan (D:7)
  13 killer bees
  6 electric eels
  10 howler monkeys
  A centaur zombie (D:8)
  9 orc priests
  4 gnoll boudas
  5 hounds
  A jelly (D:7)
  Terence (D:2)
  4 iguanas
  14 orc wizards
  8 mummies (Ossuary)
  2 howler monkey zombies (D:8)
  17 gnolls
  11 adders
  3 shadow imps
  3 white imps
  3 ufetubi
  4 worms
  2 dart slugs
  34 orcs
  8 ball pythons
  6 bats
  5 endoplasms
  3 giant cockroaches
  9 hobgoblins
  9 jackals
  3 quokkas
  A frilled lizard (D:2)
  5 goblins
  4 hobgoblin zombies (Ossuary)
  22 kobolds
  2 kobold zombies (Ossuary)
  2 orc zombies (Ossuary)
  5 rats
374 creatures vanquished.

Vanquished Creatures (others)
  An unseen horror (D:12)
  A wight (D:8)
  2 demonic plants (Gauntlet)
  4 toadstools (D:1)
8 creatures vanquished.

Grand Total: 382 creatures vanquished

Notes
Turn   | Place    | Note
-------+----------+-------------------------------------------
     0 | D:1      | ryw the Hill Orc Reaver began the quest for the Orb.
     0 | D:1      | Reached XP level 1. HP: 18/18 MP: 3/3
    73 | D:1      | Reached XP level 2. HP: 25/25 MP: 4/4
   360 | D:1      | Reached XP level 3. HP: 30/30 MP: 5/5
  1043 | D:2      | Reached XP level 4. HP: 32/36 MP: 5/7
  1078 | D:2      | Noticed Terence
  1283 | D:2      | Noticed Sigmund
  1315 | D:2      | Killed Sigmund
  1316 | D:2      | Reached skill level 5 in Axes
  1316 | D:2      | Reached XP level 5. HP: 12/46 MP: 0/8
  1316 | D:2      | Reached XP level 6. HP: 14/52 MP: 0/9
  1729 | D:2      | Killed Terence
  2320 | D:3      | Found a white marble altar of Elyvilon.
  2805 | D:3      | Found a blossoming altar of Fedhas.
  3102 | D:4      | Reached skill level 6 in Axes
  3102 | D:4      | Reached XP level 7. HP: 53/58 MP: 10/10
  3320 | D:4      | Reached skill level 5 in Fighting
  3341 | D:4      | Identified the +1 hat of the Candlemaker {rF+ Will+}
  3351 | D:4      | Found a sand-covered staircase.
  3361 | Ossuary  | Entered an ossuary
  3670 | Ossuary  | Reached skill level 5 in Conjurations
  3863 | D:4      | Found Ychibb's Gadget Gallery.
  3994 | D:5      | Entered Level 5 of the Dungeon
  4042 | D:5      | Reached skill level 10 in Axes
  4042 | D:5      | Reached XP level 8. HP: 58/75 MP: 10/14
  4140 | D:5      | Reached XP level 9. HP: 79/82 MP: 15/15
  4143 | D:5      | Learned a level 2 spell: Momentum Strike
  4147 | D:5      | Learned a level 3 spell: Hailstorm
  4313 | D:5      | Found a staircase to the Ecumenical Temple.
  4324 | Temple   | Entered the Ecumenical Temple
  4589 | Temple   | Became a worshipper of Vehumet
  5559 | D:6      | Identified the +2 scale mail of the Cricket {rF+}
  6319 | D:6      | Found a glowing golden altar of the Shining One.
  6596 | D:6      | Found a bloodstained altar of Trog.
  6734 | D:6      | Noticed Duvessa
  6740 | D:6      | Noticed Dowan
  6752 | D:7      | Reached * piety under Vehumet
  6752 | D:7      | Offered knowledge of Freeze by Vehumet.
  6757 | D:7      | Reached skill level 5 in Spellcasting
  6973 | D:7      | Identified a scroll of acquirement
  6974 | D:7      | Acquired 914 gold pieces
  7000 | D:7      | Noticed a two-headed ogre
  7008 | D:7      | Killed a two-headed ogre
  7009 | D:7      | Reached XP level 10. HP: 91/91 MP: 17/17
  7297 | D:7      | Reached skill level 11 in Axes
  7449 | D:7      | Found a glowing silver altar of Zin.
  7732 | D:8      | Noticed Grum
  8018 | D:6      | Killed Duvessa
  8040 | D:7      | Killed Dowan
  8420 | D:6      | Noticed Eustachio
  8448 | D:6      | Killed Eustachio
  8829 | D:7      | Reached ** piety under Vehumet
  9007 | D:8      | Offered knowledge of Sandblast by Vehumet.
  9064 | D:8      | Found a basalt altar of Yredelemnul.
  9157 | D:8      | Reached skill level 10 in Fighting
  9157 | D:8      | Reached skill level 1 in Shields
 10065 | D:8      | Found a shimmering blue altar of Sif Muna.
 10252 | D:8      | Found a staircase to the Lair.
 10439 | D:8      | Reached XP level 11. HP: 99/99 MP: 18/18
 10530 | D:8      | Killed Grum
 10797 | D:9      | Offered knowledge of Scorch by Vehumet.
 10898 | D:9      | Found Zufitaex's General Store.
 10960 | D:9      | Found a snail-covered altar of Cheibriados.
 10992 | D:9      | Found a hazy altar of Hepliaklqana.
 11227 | D:9      | Noticed Harold
 11231 | D:9      | Reached *** piety under Vehumet
 11240 | D:9      | Killed Harold
 11276 | D:9      | Noticed a two-headed ogre
 11300 | D:9      | Offered knowledge of Ignite Poison by Vehumet.
 11323 | D:9      | Reached skill level 12 in Axes
 11329 | D:9      | Killed a two-headed ogre
 11709 | D:9      | Noticed a red ugly thing
 11738 | D:9      | Killed a red ugly thing
 11739 | D:9      | Reached skill level 10 in Conjurations
 11871 | D:9      | Noticed a cyclops
 11994 | D:9      | Reached **** piety under Vehumet
 12074 | D:9      | Noticed Erolcha
 12088 | D:9      | Killed Erolcha
 12239 | D:9      | Killed a cyclops
 12240 | D:9      | Reached XP level 12. HP: 103/110 MP: 18/20
 12871 | D:10     | Entered Level 10 of the Dungeon
 13175 | D:10     | Offered knowledge of Olgreb's Toxic Radiance by Vehumet.
 13225 | D:10     | Noticed Psyche
 13230 | D:10     | Killed Psyche
 13366 | D:10     | Noticed Joseph
 13374 | D:10     | Killed Joseph
 13453 | D:10     | Found an iron altar of Okawaru.
 13466 | D:10     | Noticed Maurice
 13480 | D:10     | Killed Maurice
 14326 | D:11     | Noticed a boulder beetle
 14359 | D:11     | Killed a boulder beetle
 14558 | D:11     | Noticed a boulder beetle
 14802 | D:11     | Killed a boulder beetle
 14970 | D:11     | Reached skill level 13 in Axes
 15559 | D:11     | Noticed Sonja
 15564 | D:11     | Killed Sonja
 16525 | D:12     | Found a staircase to the Orcish Mines.
 16573 | D:12     | Found a roughly hewn altar of Beogh.
 16943 | D:11     | Reached XP level 13. HP: 77/118 MP: 12/22
 17051 | D:11     | Learned a level 2 spell: Blink
 17055 | D:11     | Learned a level 3 spell: Swiftness
 17821 | D:13     | Found a gate leading to a gauntlet.
 17838 | Gauntlet | Entered a Gauntlet
 17838 | Gauntlet | Found a transporter.
 17838 | Gauntlet | Found a transporter.
 17838 | Gauntlet | Found a transporter.
 17899 | Gauntlet | Found a transporter.
 17899 | Gauntlet | Found a transporter.
 17911 | Gauntlet | Found a transporter.
 17917 | Gauntlet | Found a transporter.
 17919 | Gauntlet | Found a transporter.
 17932 | Gauntlet | Found a transporter.
 17936 | Gauntlet | Found a transporter.
 18007 | Gauntlet | Found a transporter.
 18032 | Gauntlet | Found a transporter.
 18055 | Gauntlet | Upgraded the game from 0.30-a0-571-gdf30a72648 to
                  | 0.30-a0-576-g89cddaab80
 18059 | Gauntlet | Noticed a minotaur
 18239 | Gauntlet | Reached skill level 5 in Dodging
 18239 | Gauntlet | Reached skill level 1 in Translocations
 18239 | Gauntlet | Reached skill level 1 in Air Magic
 18251 | Gauntlet | Identified the +0 hat of Failure {rElec rF+++ Dex-5 Slay+5}
 18366 | Gauntlet | Identified the +0 pair of gloves "Aniff" {Contam Regen+
                  | Str+4}
 18391 | Gauntlet | Annihilated by a minotaur

Illustrated notes

Levels and vault maps discovered:
D:1:      ldierk_walled_garden_2, layout_basic
D:2:      layout_basic, minivault_14, supply_closet_lemuel,
          minmay_misc_feat_chi, uniq_sigmund, uniq_terence
D:3:      layout_basic, fedhas_altar_4, mainiacjoe_overflow_boulevard
D:4:      layout_gridville, chequers_ossuary_entry_cave, nicolae_shop_gadgets
D:5:      layout_loops_ring, minmay_temple_entry_hall
D:6:      wad_river_or_something, layout_basic, mainiacjoe_overflow_alcove_2,
          mainiacjoe_overflow_alcove_1, corexii_checkpoint_a,
          kennysheep_cross_bottleneck, minmay_misc_feat_iff, uniq_eustachio,
          uniq_duvessa
D:7:      layout_rooms, mainiacjoe_overflow_small_starburst, serial_curves,
          eino_curves_01, eino_curves_04
D:8:      layout_cave_pods, lemuel_blue_sif_altar,
          nicolae_yredelemnul_corpse_copse, lair_entry_dummy, uniq_grum
D:9:      nzn_winding_woodlands_medium [nzn_winding_woodlands_5x5_closed_star,
          nzn_winding_woodlands_5x15_pockets,
          nzn_winding_woodlands_5x5_perimeter, nzn_winding_woodlands_5x5_three,
          nzn_winding_woodlands_center_pierced_h,
          nzn_winding_woodlands_5x5_checkerboard,
          nzn_winding_woodlands_5x5_open_star,
          nzn_winding_woodlands_5x15_sidewinder,
          nzn_winding_woodlands_hourglass], layout_long_grid,
          nicolae_hepliaklqana_hippocampus, kennysheep_mini, serial_shops, shop,
          uniq_harold, uniq_erolcha
D:10:     layout_loops_ring, amcnicky_altar_gilded, uniq_psyche, uniq_joseph,
          uniq_maurice
D:11:     layout_basic, chequers_serial_rivers_room_a, nicolae_eternal_life,
          uniq_sonja
D:12:     layout_basic, minmay_orc_entry_temple_small
D:13:     kennysheep_spiral_hall, layout_stronghold, gauntlet_entry_generic
Temple:   minmay_temple_bridge_abc
Gauntlet: gammafunk_gauntlet_shortcut [gammafunk_gauntlet_arena_chambers,
          nicolae_gauntlet_arena_flowing_pool, gammafunk_gauntlet_arena_open,
          gammafunk_gauntlet_arena_grid, gammafunk_gauntlet_arena_mazey,
          gammafunk_gauntlet_arena_crates, dreamdust_gauntlet_exit_labyrinth]

Skill      XL: |  1  2  3  4  5  6  7  8  9 10 11 12 13 |
---------------+----------------------------------------+-----
Fighting       | 3 4 8 9 10 11 12 | 12.2
Dodging        | 2 3 4 5 |  5.0
Spellcasting   | 2 4 5 6 |  6.8
Axes           | 5 6 10 11 12 13 | 13.5
Armour         | 2 3 7 8 9 |  9.0
Conjurations   | 4 7 8 10 11 | 11.9
Shields        | 1 |  1.6
Translocations | 1 |  1.1
Air Magic      | 1 |  1.1

Action                   |  1- 3 |  4- 6 |  7- 9 | 10-12 | 13-15 || total
-------------------------+-------+-------+-------+-------+-------++-------
Melee: Hand axe          |    84 |   190 |   651 |   465 |       ||  1390
       Punch             |     1 |     4 |    12 |     2 |       ||    19
       Battleaxe         |       |       |       |   488 |    81 ||   569
 Cast: Kiss of Death     |     1 |     2 |       |       |       ||     3
       Hailstorm         |       |       |       |     3 |       ||     3
       Momentum Strike   |       |       |       |     4 |       ||     4
       Swiftness         |       |       |       |       |     3 ||     3
Evoke: Wand              |       |       |       |     3 |       ||     3
  Use: Scroll            |     5 |     5 |    11 |    10 |       ||    31
       Potion            |       |     2 |     2 |     8 |     3 ||    15
Armor: Leather armour    |     6 |       |       |       |       ||     6
       Scale mail        |    42 |    99 |   293 |   271 |       ||   705
       Skin              |       |       |       |    23 |       ||    23
       Ring mail         |       |       |       |    22 |       ||    22
       Acid dragon scale |       |       |       |   273 |    39 ||   312
Dodge: Dodged            |    56 |   104 |   274 |   533 |    39 ||  1006
Block: Buckler           |       |       |       |    32 |       ||    32

Table legend: (Time is in decaauts)
 A = Elapsed time spent in this place.
 B = Non-inter-level travel time spent in this place.
 C = Inter-level travel time spent in this place.
 D = Time resting spent in this place.
 E = Time spent auto-exploring this place.
 F = Levels seen in this place.
 G = Mean time per level.
                   A        B        C        D        E       F      G
               +--------+--------+--------+--------+--------+-----+--------+
         Total |  18313 |  17776 |    537 |   3464 |  10136 |  16 | 1144.6 |
       Dungeon |  17031 |  16514 |    517 |   3359 |   9490 |  13 | 1310.1 |
        Temple |    286 |    266 |     20 |      0 |    209 |   1 |  286.0 |
       Ossuary |    441 |    441 |      0 |     96 |    161 |   1 |  441.0 |
      Gauntlet |    553 |    553 |      0 |      9 |    276 |   1 |  553.0 |
               +--------+--------+--------+--------+--------+-----+--------+

Top non-repeatable levels by time:
     D:9: 2351 daAuts
    D:11: 2221 daAuts
     D:8: 1940 daAuts
     D:6: 1803 daAuts
    D:12: 1488 daAuts
     D:2: 1397 daAuts
     D:7: 1267 daAuts
     D:5: 1183 daAuts
    D:10: 943 daAuts
     D:1: 869 daAuts
     D:3: 853 daAuts
     D:4: 560 daAuts
Gauntlet: 553 daAuts
 Ossuary: 441 daAuts
  Temple: 286 daAuts
